 Dungeon Crawl Stone Soup version 0.30.1-4-g462c640d31 (webtiles) character file.

Game seed: 4262282661629016225

168 boopmooplesden the Covered (level 5, -1/48 HPs)
             Began as an Armataur Fighter on Sept 17, 2023.
             Slain by an orc wizard
             ... wielding a +0 dagger
              (3 damage)
             ... on level 3 of the Dungeon.
             The game lasted 00:03:15 (1455 turns).

boopmooplesden the Covered (Armataur Fighter)       Turns: 1455, Time: 00:03:15

Health: -1/48      AC:  8    Str: 23    XL:     5   Next: 23%
Magic:  5/5        EV:  7    Int:  8    God:
Gold:   70         SH:  6    Dex: 10    Spells: 4/4 levels left

rFire   . . .        a - +0 long sword
rCold   . . .        f - +2 buckler
rNeg    . . .        b - +0 scale mail
rPois   .            (no helmet)
rElec   .            (no cloak)
rCorr   .            j - +0 pair of gloves
SInv    .            (no barding)
Will    .....        (no amulet) Stlth
                     (no ring)
HPRegen 0.28/turn    (no ring)
MPRegen 0.09/turn

%: roll
@: no status effects
A: large, rugged brown scales 3, deformed body, armoured tail, roll, long
tongue, awkward tongue
a: no special abilities


You were on level 3 of the Dungeon.
You visited 1 branch of the dungeon, and saw 4 of its levels.

You collected 70 gold pieces.

Inventory:

Hand Weapons
 a - a +0 long sword (weapon)
Armour
 b - a +0 scale mail (worn)
 f - a +2 buckler (worn)
 j - a +0 pair of gloves (worn)
Wands
 h - a wand of light (5)
Scrolls
 d - a scroll of identify
 i - a scroll of teleportation {unknown}
Potions
 c - a potion of resistance
 e - a potion of cancellation {unknown}
 g - a potion of brilliance
 k - a potion of ambrosia {unknown}


   Skills:
 + Level 3.2 Fighting
 + Level 3.2 Long Blades
 + Level 4.7 Armour
 + Level 0.5 Dodging
 + Level 4.1 Shields


You had 4 spell levels left.
You didn't know any spells.
Your spell library was empty.

Dungeon Overview and Level Annotations

Branches:
Dungeon (4/15)
 Temple: D:4-7

Altars:
Elyvilon
Nemelex Xobeh


Innate Abilities, Weirdness & Mutations

You are completely covered in rugged brown scales. (AC +3, +7% HP)
Armour fits poorly on your strangely shaped body.
You have a long armoured tail.
You roll when moving toward enemies. (Rampage)
Your long tongue fully drains potion bottles. (2x potion effects)
Your tongue gives you trouble enunciating. (1.5x scroll delay)


Message History

* * * LOW HITPOINT WARNING * * *
You completely miss something.
Your tail-slap misses something.
Something hits you but does no damage.
You bump into the rock wall.
Something hits you.
* * * LOW HITPOINT WARNING * * *
You miss something. Something hits you but does no damage.
You're too confused to move!
You feel less confused.
You hear some strange, mumbled words.
You are confused.
You closely miss something.
Your tail-slap misses something.
An orc wizard appears from thin air!
Reactivating autopickup.
The orc wizard barely misses you. x2
You bump into the rock wall.
The orc wizard gestures wildly while chanting.
The orc wizard flickers and vanishes!
Deactivating autopickup; reactivate with Ctrl-A.
You're too confused to move!
Something hits you.
* * * LOW HITPOINT WARNING * * *
You barely miss something. Something hits you but does no damage.
You completely miss something.
You feel less confused.
You hear some strange, mumbled words.
A puff of flame appears from out of thin air!
The puff of flame hits you.
* * * LOW HITPOINT WARNING * * *
Something unexpectedly blocked you, preventing you from rolling!
You miss something.
Your tail-slap misses something.
You hear some strange, mumbled words.
A puff of flame appears from out of thin air!
The puff of flame hits you.
* * * LOW HITPOINT WARNING * * *
Something unexpectedly blocked you, preventing you from rolling!
You barely miss something. Something hits you.
* * * LOW HITPOINT WARNING * * *
Something hits you but does no damage.
Something unexpectedly blocked you, preventing you from rolling!
You barely miss something. Something hits you.
You die...

.##..#.).......##.......####.####
....##.†..#.#.###.#####..###.....
###...#.....#.###.# #.....###.
÷)..#.....##......# #####.#
###............#### ####.#
...........##.## ####....#
<.............# ###....####
..............######...####
#......#..#.#...@{oo...###
....####..#.##.#####.#...##
##.... ...#.......o..........
#####. #...#.##.{...########
.##.......o.#.# ........o.###...
#...#...### ###... . #.#†# ##..
.....o #


You could see 2 orcs.

Vanquished Creatures
  Ijyb (D:3)
  Terence (D:2)
  2 gnolls
  3 adders
  3 worms
  9 orcs (D:3)
  2 bats (D:1)
  5 endoplasms
  5 giant cockroaches
  4 goblins
  2 hobgoblins
  4 jackals (D:2)
  A quokka (D:1)
  3 frilled lizards
  A kobold (D:2)
  7 rats
53 creatures vanquished.

Notes
Turn   | Place    | Note
-------+----------+-------------------------------------------
     0 | D:1      | boopmooplesden the Armataur Fighter began the quest for the
                  | Orb.
     0 | D:1      | Reached XP level 1. HP: 19/19 MP: 1/1
   290 | D:1      | Reached XP level 2. HP: 26/26 MP: 2/2
   520 | D:2      | Noticed Terence
   554 | D:2      | Killed Terence
   555 | D:2      | Reached XP level 3. HP: 12/33 MP: 3/3
   683 | D:2      | Reached XP level 4. HP: 39/40 MP: 4/4
   964 | D:3      | Found a white marble altar of Elyvilon.
   965 | D:3      | Found a sparkling altar of Nemelex Xobeh.
  1071 | D:3      | Noticed Ijyb
  1089 | D:3      | Killed Ijyb
  1089 | D:3      | HP: 2/40 [orc/+0 short sword (4)]
  1090 | D:3      | Reached XP level 5. HP: 3/48 MP: 5/5
  1453 | D:3      | HP: 2/48 [something/puff of flame (5)]
  1455 | D:3      | Slain by an orc wizard

Illustrated notes

Levels and vault maps discovered:
D:1:      moated_graveyard_arrival, layout_basic, kennysheep_flooded_box,
          nrook_loot_triangle
D:2:      layout_rooms, uniq_terence
D:3:      layout_rooms, mainiacjoe_overflow_large_starburst, serial_shops, shop,
          nicolae_shop_tiny_glass, hellmonk_ecumenical_altar_leap_of_faith,
          corexii_hall_statues_i, uniq_grinder, uniq_sigmund, uniq_ijyb
D:4:      layout_loops_corners, trog_hazing_becter, tgw_xom,
          gammafunk_ghost_split, minmay_tree_intersection, uniq_blork_the_orc,
          uniq_menkaure

Skill      XL: |  1  2  3  4  5 |
---------------+----------------+-----
Long Blades    | 2 3 |  3.2
Armour         | 4 |  4.7
Fighting       | 3 |  3.2
Shields        | 4 |  4.1
Dodging        | |  0.5

Action                     |  1- 3 |  4- 6 || total
---------------------------+-------+-------++-------
  Melee: Long sword        |    80 |   135 ||   215
         Tailslap          |     6 |     8 ||    14
    Use: Scroll            |     3 |     3 ||     6
         Potion            |     1 |     3 ||     4
 Armour: Scale mail        |    43 |    64 ||   107
  Dodge: Dodged            |    38 |    38 ||    76
  Block: Buckler           |    10 |    37 ||    47
